 Dungeon Sprint DCSS version 0.28-a0-1616-g050a50673c (webtiles) character file.

Game seed: 12721801314723885245

1786 tatocazan the Covert (level 9, -11/66 HPs)
             Began as an Octopode Brigand on Jan 22, 2022.
             Was a Believer of Dithmenos.
             Shot with an arrow by a centaur warrior (22 damage)
             ... in the Dungeon (Sprint IX: "|||||||||||||||||||||||||||||").
             The game lasted 00:02:11 (826 turns).

tatocazan the Covert (Octopode Brigand)              Turns: 826, Time: 00:02:12

Health: -11/66     AC:  1    Str: 13    XL:     9   Next: 8%
Magic:  11/13      EV: 20    Int: 13    God:    Dithmenos [**....]
Gold:   0          SH:  0    Dex: 18    Spells: 8/8 levels left

rFire   . . .      SeeInvis .   m - +2 rapier (distort)
rCold   . . .      Faith    .   (no shield)
rNeg    . . .      Spirit   .   (helmet restricted)
rPois   .          Reflect  .   (no amulet)
rElec   .          Harm     .   n - +2 ring of evasion
rCorr   .          Rampage  .   o - +3 ring of strength
Will    .....      NoTele   +   (no ring)
Stlth   +++++++++.              (no ring)
HPRegen 0.21/turn               (no ring)
MPRegen 0.13/turn               (no ring)
                                (no ring)
                                (no ring)

@: wreathed by umbra, invisible
A: almost no armour, amphibious, 8 rings, camouflage 1, gelatinous body 1,
(nimble swimmer 1), tentacles
a: Renounce Religion, Shadow Step


You were in the Dungeon.
You worshipped Dithmenos.
Dithmenos was pleased with you.
You visited 1 branch

Inventory:

Hand Weapons
 a - a +2 dagger
 l - the +7 Singing Sword {vorpal, sonic wave}
   (You found it in the Dungeon)

   It inflicts extra damage upon your enemies.
   It radiates damaging sonic waves as it strikes, especially in combat
   involving dangerous or numerous foes.
 m - a +2 rapier of distortion (weapon)
Missiles
 b - 11 poisoned darts (quivered)
 c - 2 curare-tipped darts
Jewellery
 n - a +2 ring of evasion (left tentacle)
 o - a +3 ring of strength (right tentacle)
Wands
 k - a wand of iceblast (10)
Scrolls
 i - 2 scrolls of blinking
 j - 2 scrolls of amnesia
Potions
 d - 5 potions of curing
 e - a potion of heal wounds
 f - a potion of haste
 g - 4 potions of magic


   Skills:
 + Level 8.1 Fighting
 * Level 9.9 Short Blades
 + Level 8.1 Throwing
 + Level 7.8 Dodging
 * Level 14.4 Stealth
 + Level 5.7 Invocations


You had 8 spell levels left.
You didn't know any spells.
Your spell library was empty.

Dungeon Overview and Level Annotations

Branches:
Dungeon (1/1)

Altars:
Cheibriados
Dithmenos
Elyvilon
Fedhas
Gozag
Hepliaklqana
Kikubaaqudgha
Makhleb
Nemelex Xobeh
Okawaru
Qazlal
Ru
Sif Muna
Trog
Uskayaw
Vehumet
Wu Jian
Xom
Yredelemnul
Zin
The Shining One
Beogh
Jiyva
Lugonu


Innate Abilities, Weirdness & Mutations

You cannot wear most types of armour.
You are amphibious.
You can wear up to eight rings at the same time.
Your skin changes colour to match your surroundings (Stealth+).
Your rubbery body absorbs attacks. (AC +1, EV +1)
((You are camouflaged when in or above water. (Stealth+)))
You have tentacles for arms and can constrict up to eight enemies at once.


Message History

The centaur warrior shoots an arrow.
The arrow hits you!
You turn to flesh and can move again.
You take 3 damage, and have 41/60 hp.
You catch the helpless centaur warrior completely off-guard!
You stick the centaur warrior like a pincushion!!!
Space warps horribly around the centaur warrior!!
The centaur warrior is almost dead.
The centaur warrior unwields a +3 longbow.
The centaur warrior closely misses you.
The centaur warrior kicks you but does no damage.
You catch the helpless centaur warrior completely off-guard!
You impale the centaur warrior!!
You kill the centaur warrior!
Dithmenos accepts your kill.
Your Fighting skill increases to level 8!
Your Throwing skill increases to level 8!
Your Stealth skill increases to level 14!
Your Invocations skill increases to level 5!
You have reached level 9!
Your experience leads to an increase in your attributes!
Your base attributes are Str 10, Int 13, Dex 16.
Increase (S)trength, (I)ntelligence, or (D)exterity?
You feel agile. x2
You regained 4 hp, and now have 46/66 hp.
The centaur warrior wields a +0 shortbow.
The centaur warrior shoots an arrow.
The arrow barely misses the centaur.
The arrow hits you! The centaur misses you. The centaur completely misses you.
Items here: ( ))) [[ †.
You take 17 damage, and have 29/66 hp.
MASSIVE DAMAGE!!
You hit the centaur.
The centaur is lightly wounded.
The centaur blinks!
The centaur warrior shoots an arrow.
The arrow hits you!!
* * * LOW HITPOINT WARNING * * *
You take 19 damage, and have 10/66 hp.
MASSIVE DAMAGE!!
The centaur warrior shoots an arrow.
The arrow misses you.
The arrow hits the centaur!!
The centaur dies!
You see here a catoblepas corpse.
The centaur warrior shoots an arrow.
The arrow hits you!!
You die...

▓)▓
▓[▓
▓.▓
▓)▓
▓.▓
▓'▓
▓)▓
▓§▓
▓@▓
▓.▓
▓c▓
▓.▓
▓+▓


You could see a centaur warrior.

Vanquished Creatures
  A centaur warrior (D)
  A yak (D)
  A steam dragon (D)
  An ice beast (D)
  An orc warrior (D)
  A black bear (D)
  2 centaurs (D)
  A phantom (D)
  A kobold brigand (D)
  An iguana (D)
  An orc (D)
  A bat (D)
  An endoplasm (D)
  A ball python zombie (D)
  A frilled lizard (D)
  2 kobolds (D)
18 creatures vanquished.

Vanquished Creatures (others)
  A catoblepas (D)
  A tengu warrior (D)
  A centaur (D)
3 creatures vanquished.

Grand Total: 21 creatures vanquished

Notes
Turn   | Place    | Note
-------+----------+-------------------------------------------
     0 | D        | tatocazan the Octopode Brigand began the quest for the Orb.
     0 | D        | Reached XP level 1. HP: 14/14 MP: 1/1
   123 | D        | Noticed a black bear
   123 | D        | Noticed an ice beast
   123 | D        | Noticed a phantom
   123 | D        | Noticed an iguana
   126 | D        | Killed a black bear
   127 | D        | Reached skill level 7 in Stealth
   127 | D        | Reached XP level 2. HP: 16/22 MP: 2/2
   127 | D        | Reached XP level 3. HP: 20/27 MP: 3/3
   127 | D        | Reached XP level 4. HP: 24/33 MP: 4/4
   129 | D        | Killed an ice beast
   130 | D        | Reached skill level 5 in Fighting
   130 | D        | Reached skill level 5 in Short Blades
   130 | D        | Reached skill level 5 in Throwing
   130 | D        | Reached skill level 8 in Stealth
   130 | D        | Reached XP level 5. HP: 29/39 MP: 5/5
   132 | D        | Killed a phantom
   133 | D        | Reached skill level 5 in Dodging
   133 | D        | Reached skill level 9 in Stealth
   133 | D        | Reached XP level 6. HP: 31/46 MP: 6/6
   391 | D        | Found a snail-covered altar of Cheibriados.
   391 | D        | Found a shadowy altar of Dithmenos.
   391 | D        | Found a white marble altar of Elyvilon.
   391 | D        | Found a blossoming altar of Fedhas.
   391 | D        | Found an opulent altar of Gozag.
   392 | D        | Found a hazy altar of Hepliaklqana.
   393 | D        | Found a viscous altar of Jiyva.
   394 | D        | Found an ancient bone altar of Kikubaaqudgha.
   395 | D        | Found a corrupted altar of Lugonu.
   396 | D        | Found a burning altar of Makhleb.
   397 | D        | Found a sparkling altar of Nemelex Xobeh.
   398 | D        | Found an iron altar of Okawaru.
   399 | D        | Found a stormy altar of Qazlal.
   400 | D        | Found a sacrificial altar of Ru.
   401 | D        | Found a shimmering blue altar of Sif Muna.
   402 | D        | Found a bloodstained altar of Trog.
   403 | D        | Found a hide-covered altar of Uskayaw.
   404 | D        | Found a radiant altar of Vehumet.
   405 | D        | Found an ornate altar of the Wu Jian Council.
   406 | D        | Found a shimmering altar of Xom.
   407 | D        | Found a basalt altar of Yredelemnul.
   408 | D        | Found a glowing silver altar of Zin.
   409 | D        | Found a glowing golden altar of the Shining One.
   440 | D        | Became a worshipper of Dithmenos the Shadowed
   462 | D        | Found the +7 Singing Sword {vorpal, sonic wave}
   482 | D        | Noticed a yak
   482 | D        | Noticed an orc warrior
   482 | D        | Noticed a steam dragon
   484 | D        | Killed a yak
   485 | D        | Reached skill level 10 in Stealth
   488 | D        | Reached skill level 11 in Stealth
   488 | D        | Reached XP level 7. HP: 51/53 MP: 6/8
   489 | D        | Reached * piety under Dithmenos
   514 | D        | Killed a steam dragon
   514 | D        | Reached ** piety under Dithmenos
   515 | D        | Reached skill level 12 in Stealth
   805 | D        | Noticed a tengu warrior
   805 | D        | Noticed a catoblepas
   805 | D        | Noticed a centaur warrior
   805 | D        | Noticed a centaur warrior
   808 | D        | Reached XP level 8. HP: 60/60 MP: 9/11
   816 | D        | Killed a catoblepas
   818 | D        | Killed a tengu warrior
   819 | D        | Reached skill level 13 in Stealth
   822 | D        | Killed a centaur warrior
   823 | D        | Reached skill level 14 in Stealth
   823 | D        | Reached skill level 5 in Invocations
   823 | D        | Reached XP level 9. HP: 46/66 MP: 10/13
   826 | D        | Shot with an arrow by a centaur warrior

Illustrated notes

Levels and vault maps discovered:
D:        linesprint [early_d, line_temple, items_1, d_10, items_2, lair_1,
          lair_end, items_3, orc_1, orc_end, items_4, d_15, swamp_1, shoals_1,
          snake_1, spider_1, d_20, vaults_1, items_5, swamp_end, shoals_end,
          snake_end, spider_end, vaults_end, d_27, items_6, zot_1, zot_end,
          crypt_end, forest_end, elf_end, slime_end, tomb_end, abyss_end,
          pan_hell_end]

Skill      XL: |  1  2  3  4  5  6  7  8 |
---------------+-------------------------+-----
Fighting       | 4 5 6 7 8 |  8.1
Short Blades   | 4 5 7 8 9 |  9.9
Throwing       | 4 5 6 7 8 |  8.1
Dodging        | 3 4 5 6 7 |  7.8
Stealth        | 7 8 9 11 12 14 | 14.4
Invocations    | 2 4 5 |  5.7

Action                   |  1- 3 |  4- 6 |  7- 9 || total
-------------------------+-------+-------+-------++-------
Melee: Dagger            |    10 |    11 |       ||    21
       Tentacles         |     3 |     4 |     3 ||    10
       Constrict         |     2 |     1 |     5 ||     8
       Rapier            |       |     3 |    19 ||    22
Throw: Dart              |       |       |     7 ||     7
  Use: Potion            |     1 |       |     3 ||     4
 Stab: Sleeping          |     1 |     1 |       ||     2
       Invisible         |       |       |     2 ||     2
       Petrified         |       |       |     1 ||     1
Armor: Skin              |       |     2 |     1 ||     3
Dodge: Dodged            |     3 |     6 |    24 ||    33

Table legend: (Time is in decaauts)
 A = Elapsed time spent in this place.
 B = Non-inter-level travel time spent in this place.
 C = Inter-level travel time spent in this place.
 D = Time resting spent in this place.
 E = Time spent auto-exploring this place.
 F = Levels seen in this place.
 G = Mean time per level.
                   A        B        C        D        E       F      G
               +--------+--------+--------+--------+--------+-----+--------+
         Total |    826 |    826 |      0 |    636 |      0 |   1 |  826.0 |
       Dungeon |    826 |    826 |      0 |    636 |      0 |   1 |  826.0 |
               +--------+--------+--------+--------+--------+-----+--------+

Top non-repeatable levels by time:
       D: 826 daAuts
